3R
SHERIDAN DEER @ GREENPORT HARBOR WHALES
07/01/2034
 
TOP OF THE 1ST
Sheridan Deer batting - Pitching for Greenport Harbor Whales : RHP Felix Klapwijk
Pitching: RHP Felix Klapwijk
Batting: RHB Tolenka Kafengauz 0-0: Foul Ball, location: 2F
0-1: Ball
1-1: Ground out 1-3 (Groundball, P)
Batting: RHB Wilbur Thomas 0-0: Ball
1-0: Hit by Pitch
Batting: LHB Allen Wrench 0-0: Ball
1-0: Called Strike
1-1: Ball
2-1: Ball
3-1: Foul Ball, location: 2F
3-2: Strikes out looking
Batting: RHB Stock Tonports 0-0: Called Strike
Wilbur Thomas is caught stealing 2nd base
Top of the 1st over - 0 runs, 0 hits, 0 errors, 0 left on base; Sheridan 0 - Greenport 0
BOTTOM OF THE 1ST
Greenport Harbor Whales batting - Pitching for Sheridan Deer : RHP Lautaro Venegas
Pitching: RHP Lautaro Venegas
Batting: RHB Hae-young Kwak 0-0: Ball
1-0: Foul Ball, location: 2F
1-1: Foul Ball, location: 2F
1-2: Strikes out swinging
Batting: LHB Jun Yang 0-0: SINGLE (Flyball, 78S)
Batting: RHB Jon Walker 0-0: Called Strike
0-1: 2-RUN HOME RUN (Flyball, 89XD), Distance : 414 ft
Batting: RHB Alexis Hines 0-0: Fly out, F7 (Flyball, 78S)
Batting: LHB Francisco Torres 0-0: Foul Ball, location: 2F
0-1: Ball
1-1: Foul Ball, location: 2F
1-2: Ball
2-2: DOUBLE (Groundball, 5L)
Batting: RHB Pung-cho Chang 0-0: Swinging Strike
0-1: Ball
1-1: Ball
2-1: Foul Ball, location: 2F
2-2: Foul Ball, location: 2F
2-2: Strikes out swinging
Bottom of the 1st over - 2 runs, 3 hits, 0 errors, 1 left on base; Sheridan 0 - Greenport 2
TOP OF THE 2ND
Sheridan Deer batting - Pitching for Greenport Harbor Whales : RHP Felix Klapwijk
Batting: RHB Stock Tonports 0-0: Foul Ball, location: 2F
0-1: Swinging Strike
0-2: Ball
1-2: Strikes out looking
Batting: RHB Corey Ollerton 0-0: Ball
1-0: Ball
2-0: Swinging Strike
2-1: Foul Ball, location: 2F
2-2: Foul Ball, location: 2F
2-2: Foul Ball, location: 2F
2-2: DOUBLE (Line Drive, 78D)
Batting: LHB Michael Nelson 0-0: Ball
1-0: Swinging Strike
1-1: Fly out, F8 (Flyball, 8RXD)
Runner from 2nd tags up, SAFE at 3rd, no throw
Batting: RHB Roberto Guerrero 0-0: Ball
1-0: Ball
2-0: Foul Ball, location: 2F
2-1: Ball
3-1: Swinging Strike
3-2: SINGLE (Groundball, 6D)
Corey Ollerton scores
Batting: LHB Arnie Ford 0-0: Foul Ball, location: 2F
0-1: Ball
1-1: Called Strike
1-2: Foul Ball, location: 2F
1-2: Ball
2-2: Ball
3-2: Base on Balls
Roberto Guerrero to second
Batting: RHB Kunimatsu Furukawa 0-0: Ball
1-0: Swinging Strike
1-1: Fly out, F7 (Flyball, 7LS)
Top of the 2nd over - 1 run, 2 hits, 0 errors, 2 left on base; Sheridan 1 - Greenport 2
BOTTOM OF THE 2ND
Greenport Harbor Whales batting - Pitching for Sheridan Deer : RHP Lautaro Venegas
Batting: RHB Kent Potter 0-0: Ball
1-0: Foul Ball, location: 2F
1-1: Ball
2-1: Foul Ball, location: 2F
2-2: Ball
3-2: Ground out 4-3 (Groundball, 4)
Batting: RHB Javier Botín 0-0: Called Strike
0-1: Ball
1-1: Ground out 6-3 (Groundball, 6)
Batting: RHB Richard Armitage 0-0: Fly out, F9 (Line Drive, 89D)
Bottom of the 2nd over - 0 runs, 0 hits, 0 errors, 0 left on base; Sheridan 1 - Greenport 2
TOP OF THE 3RD
Sheridan Deer batting - Pitching for Greenport Harbor Whales : RHP Felix Klapwijk
Batting: RHB Tolenka Kafengauz 0-0: Called Strike
0-1: Foul Ball, location: 2F
0-2: SINGLE (Line Drive, 4MD)
Batting: RHB Wilbur Thomas 0-0: Called Strike
Tolenka Kafengauz steals 2nd base
0-1: Ground out 4-3 (Groundball, 4)
Tolenka Kafengauz to third
Batting: LHB Allen Wrench 0-0: Called Strike
0-1: Ball
1-1: Foul Ball, location: 2F
1-2: Foul Ball, location: 2F
1-2: Ball
2-2: Ground out 4-3 (Groundball, 4MS)
Tolenka Kafengauz scores
Batting: RHB Stock Tonports 0-0: Ball
1-0: Ball
2-0: Ball
3-0: Called Strike
3-1: Called Strike
3-2: Fly out, F6 (Popup, 6MS)
Top of the 3rd over - 1 run, 1 hit, 0 errors, 0 left on base; Sheridan 2 - Greenport 2
BOTTOM OF THE 3RD
Greenport Harbor Whales batting - Pitching for Sheridan Deer : RHP Lautaro Venegas
Batting: RHB Hae-young Kwak 0-0: SINGLE (Flyball, 8RS)
Batting: LHB Jun Yang 0-0: Ball
1-0: Foul Ball, location: 2F
1-1: Ball
2-1: Ground out 3-1 (Groundball, 34)
Hae-young Kwak to second
Batting: RHB Jon Walker 0-0: Ball
1-0: Ball
2-0: Foul Ball, location: 2F
2-1: Swinging Strike
2-2: Foul Ball, location: 2F
2-2: Fly out, F8 (Flyball, 8LD)
Batting: RHB Alexis Hines 0-0: Swinging Strike
0-1: Ball
1-1: Ball
2-1: Swinging Strike
2-2: Reaches on Catchers interference
Batting: LHB Francisco Torres 0-0: Ball
1-0: Ball
2-0: Ball
3-0: Called Strike
3-1: Fly out, F2 (Popup, 13S)
Bottom of the 3rd over - 0 runs, 1 hit, 1 error, 2 left on base; Sheridan 2 - Greenport 2
TOP OF THE 4TH
Sheridan Deer batting - Pitching for Greenport Harbor Whales : RHP Felix Klapwijk
Pitching: LHP Kazuma Wakabayashi
Batting: RHB Corey Ollerton 0-0: Ball
1-0: Foul Ball, location: 2F
1-1: Swinging Strike
1-2: Strikes out swinging
Batting: LHB Michael Nelson 0-0: Called Strike
0-1: Ball
1-1: Swinging Strike
1-2: Foul Ball, location: 2F
1-2: Ground out 6-3 (Groundball, 6)
Batting: RHB Roberto Guerrero 0-0: Ball
1-0: Ball
2-0: Ball
3-0: Base on Balls
Batting: LHB Arnie Ford 0-0: Ball
1-0: Foul Ball, location: 2F
1-1: Ball
2-1: Ball
3-1: Foul Ball, location: 2F
3-2: Foul Ball, location: 2F
3-2: SINGLE (Groundball, 4D)
Roberto Guerrero to second
Roberto Guerrero to third
Batting: RHB Kunimatsu Furukawa 0-0: Called Strike
0-1: Fly out, F4 (Line Drive, 34)
Top of the 4th over - 0 runs, 1 hit, 0 errors, 2 left on base; Sheridan 2 - Greenport 2
BOTTOM OF THE 4TH
Greenport Harbor Whales batting - Pitching for Sheridan Deer : RHP Lautaro Venegas
Batting: RHB Pung-cho Chang 0-0: SINGLE (Line Drive, 78S)
Batting: RHB Kent Potter 0-0: Ball
1-0: Foul Ball, location: 2F
1-1: SINGLE (Flyball, 78M)
Pung-cho Chang to second
Batting: RHB Javier Botín 0-0: Ball
1-0: Ball
2-0: Foul Ball, location: 2F
2-1: Ball
3-1: Grounds into double play, 1-6-3 (Groundball, 13S)
Pung-cho Chang to third
Batting: RHB Richard Armitage 0-0: SINGLE (Line Drive, 6M)
Pung-cho Chang scores
Batting: RHB Hae-young Kwak 0-0: Ball
1-0: SINGLE (Groundball, 23) (infield hit)
Richard Armitage to second
Batting: LHB Jun Yang 0-0: Fly out, F8 (Flyball, 78D)
Bottom of the 4th over - 1 run, 4 hits, 0 errors, 2 left on base; Sheridan 2 - Greenport 3
TOP OF THE 5TH
Sheridan Deer batting - Pitching for Greenport Harbor Whales : LHP Kazuma Wakabayashi
Batting: RHB Tolenka Kafengauz 0-0: SINGLE (Line Drive, 78M)
Batting: RHB Wilbur Thomas 0-0: Sac Bunt - play at first, batter OUT! 2-3
Tolenka Kafengauz to second
Batting: LHB Allen Wrench 0-0: Ball
Tolenka Kafengauz is caught stealing 3rd base
1-0: Ball
2-0: Ball
3-0: Called Strike
3-1: Fly out, F8 (Flyball, 8RD)
Top of the 5th over - 0 runs, 1 hit, 0 errors, 0 left on base; Sheridan 2 - Greenport 3
BOTTOM OF THE 5TH
Greenport Harbor Whales batting - Pitching for Sheridan Deer : RHP Lautaro Venegas
Batting: RHB Jon Walker 0-0: Called Strike
0-1: Called Strike
0-2: Ball
1-2: Ball
2-2: Foul Ball, location: 2F
2-2: Strikes out swinging
Batting: RHB Alexis Hines 0-0: Ball
1-0: Called Strike
1-1: Called Strike
1-2: Strikes out swinging
Batting: LHB Francisco Torres 0-0: Ball
1-0: Ball
2-0: Called Strike
2-1: Ground out U3 (Groundball, 34S)
Bottom of the 5th over - 0 runs, 0 hits, 0 errors, 0 left on base; Sheridan 2 - Greenport 3
TOP OF THE 6TH
Sheridan Deer batting - Pitching for Greenport Harbor Whales : LHP Kazuma Wakabayashi
Batting: RHB Stock Tonports 0-0: Ball
1-0: Ball
2-0: Called Strike
2-1: Swinging Strike
2-2: Ball
3-2: SINGLE (Groundball, 34D)
Batting: RHB Corey Ollerton 0-0: Ball
1-0: Ball
2-0: Fly out, F9 (Flyball, 9)
Batting: LHB Michael Nelson 0-0: Ball
1-0: Ball
2-0: SINGLE (Flyball, 9S)
Stock Tonports to second
Runner from 2nd tries for 3rd, SAFE, no throw
Batting: RHB Roberto Guerrero 0-0: Ball
1-0: Ball
2-0: Swinging Strike
2-1: Foul Ball, location: 2F
2-2: SINGLE (Line Drive, 7)
Stock Tonports scores
Michael Nelson to second
Batting: LHB Arnie Ford 0-0: Ball
1-0: Foul Ball, location: 2F
1-1: Foul Ball, location: 2F
1-2: Ball
2-2: Strikes out swinging
Pitching: RHP Jose Jovellanos
Batting: RHB Kunimatsu Furukawa 0-0: Called Strike
0-1: Ball
1-1: Swinging Strike
1-2: Fly out, F7 (Flyball, 7S)
Top of the 6th over - 1 run, 3 hits, 0 errors, 2 left on base; Sheridan 3 - Greenport 3
BOTTOM OF THE 6TH
Greenport Harbor Whales batting - Pitching for Sheridan Deer : RHP Lautaro Venegas
Batting: RHB Pung-cho Chang 0-0: Ball
1-0: Ball
2-0: Foul Ball, location: 2F
2-1: Foul Ball, location: 2F
2-2: Strikes out swinging
Pitching: LHP Brian Holman
Batting: RHB Kent Potter 0-0: Ball
1-0: Called Strike
1-1: Ground out 4-3 (Groundball, 4)
Batting: RHB Javier Botín 0-0: Ball
1-0: Swinging Strike
1-1: Fly out, F7 (Line Drive, 7)
Bottom of the 6th over - 0 runs, 0 hits, 0 errors, 0 left on base; Sheridan 3 - Greenport 3
TOP OF THE 7TH
Sheridan Deer batting - Pitching for Greenport Harbor Whales : RHP Jose Jovellanos
Batting: RHB Tolenka Kafengauz 0-0: Ball
1-0: Foul Ball, location: 2F
1-1: DOUBLE (Groundball, 5L)
Pinch Runner at 2nd Charles Geudre:
Batting: RHB Wilbur Thomas 0-0: Called Strike
0-1: Foul Ball, location: 2F
0-2: Strikes out swinging
Batting: LHB Allen Wrench 0-0: Intentional Walk
Batting: RHB Stock Tonports 0-0: Called Strike
0-1: Ball
1-1: Ball
2-1: Swinging Strike
2-2: Strikes out swinging
Batting: RHB Corey Ollerton 0-0: Swinging Strike
0-1: Called Strike
0-2: Strikes out swinging
Top of the 7th over - 0 runs, 1 hit, 0 errors, 2 left on base; Sheridan 3 - Greenport 3
BOTTOM OF THE 7TH
Greenport Harbor Whales batting - Pitching for Sheridan Deer : LHP Brian Holman
Now in RF: Charles Geudre
Pinch Hitting: RHB Javier Soriano 0-0: Ball
1-0: Ball
2-0: Ball
3-0: Base on Balls
Batting: RHB Hae-young Kwak 0-0: Ball
1-0: Foul Ball, location: 2F
1-1: Ball
2-1: Foul Ball, location: 2F
2-2: Fly out, F7 (Flyball, 7)
Batting: LHB Jun Yang 0-0: Ball
1-0: Grounds out, U3 (Groundball, 3L)
Batting: RHB Jon Walker 0-0: Ball
1-0: Foul Ball, location: 2F
1-1: Swinging Strike
1-2: Ball
2-2: Ball
3-2: Foul Ball, location: 2F
3-2: Strikes out swinging
Bottom of the 7th over - 0 runs, 0 hits, 0 errors, 1 left on base; Sheridan 3 - Greenport 3
TOP OF THE 8TH
Sheridan Deer batting - Pitching for Greenport Harbor Whales : RHP Jose Jovellanos
Now at 2B: Jung-keun Kim
Batting: LHB Michael Nelson 0-0: Ball
1-0: Foul Ball, location: 2F
1-1: Ball
2-1: Ball
3-1: Base on Balls
Batting: RHB Roberto Guerrero 0-0: Bunt missed!
0-1: Sac Bunt - play at first, batter OUT! 1-4
Michael Nelson to second
Pinch Hitting: RHB Shao Qigang 0-0: Intentional Walk
Batting: RHB Kunimatsu Furukawa 0-0: Foul Ball, location: 2F
0-1: Ball
1-1: Bunted foul
1-2: Foul Ball, location: 2F
1-2: Fly out, F7 (Flyball, 78S)
Batting: SHB Charles Geudre 0-0: Ball
1-0: Called Strike
1-1: DOUBLE (Line Drive, 78D)
Michael Nelson scores
Shao Qigang to third
Runner from 3rd tries for Home, SAFE, no throw
Batting: RHB Wilbur Thomas 0-0: Called Strike
0-1: 2-RUN HOME RUN (Flyball, 78XD), Distance : 406 ft
Pitching: RHP Gilberto Guzmán
Batting: LHB Allen Wrench 0-0: Ball
1-0: Foul Ball, location: 2F
1-1: Fly out, F7 (Line Drive, 7)
Top of the 8th over - 4 runs, 2 hits, 0 errors, 0 left on base; Sheridan 7 - Greenport 3
BOTTOM OF THE 8TH
Greenport Harbor Whales batting - Pitching for Sheridan Deer : LHP Brian Holman
Now at 2B: Nick Harper
Batting: RHB Alexis Hines 0-0: Called Strike
0-1: Ball
1-1: Called Strike
1-2: Fly out, F9 (Flyball, 9S)
Batting: LHB Francisco Torres 0-0: Called Strike
0-1: SINGLE (Groundball, 4MD)
Batting: RHB Pung-cho Chang 0-0: Called Strike
0-1: Grounds into double play, 6-4-3 (Groundball, 6)
Bottom of the 8th over - 0 runs, 1 hit, 0 errors, 0 left on base; Sheridan 7 - Greenport 3
TOP OF THE 9TH
Sheridan Deer batting - Pitching for Greenport Harbor Whales : RHP Gilberto Guzmán
Batting: RHB Stock Tonports 0-0: Ball
1-0: Called Strike
1-1: Ball
2-1: Swinging Strike
2-2: Strikes out swinging
Batting: RHB Corey Ollerton 0-0: Ground out 4-3 (Groundball, 4M)
Batting: LHB Michael Nelson 0-0: Called Strike
0-1: Foul Ball, location: 2F
0-2: Strikes out swinging
Top of the 9th over - 0 runs, 0 hits, 0 errors, 0 left on base; Sheridan 7 - Greenport 3
BOTTOM OF THE 9TH
Greenport Harbor Whales batting - Pitching for Sheridan Deer : LHP Brian Holman
Batting: RHB Kent Potter 0-0: Called Strike
0-1: Swinging Strike
0-2: Fly out, F8 (Flyball, 78D)
Batting: RHB Javier Botín 0-0: Foul Ball, location: 2F
0-1: Ball
1-1: Ball
2-1: Called Strike
2-2: Foul Ball, location: 2F
2-2: Strikes out swinging
Batting: RHB Jung-keun Kim 0-0: Called Strike
0-1: Ball
1-1: Called Strike
1-2: Ball
2-2: Ball
3-2: Foul Ball, location: 2F
3-2: Base on Balls
Batting: RHB Hae-young Kwak 0-0: Ball
1-0: Ball
2-0: Foul Ball, location: 2F
2-1: Fly out, F9 (Flyball, 9LM)
Bottom of the 9th over - 0 runs, 0 hits, 0 errors, 1 left on base; Sheridan 7 - Greenport 3
Friday, March 29th, 2019 - OOTP Baseball 18.8 Build 76